 Dungeon Crawl Stone Soup version 0.31.0-11-ge490571c62 (webtiles) character file.

Game seed: 7213765381146370807

98 Zeor the Trooper (level 5, -5/43 HPs)
             Began as a Formicid Monk on Feb 3, 2024.
             Killed by divine providence
             ... invoked by an orc priest
              (13 damage)
             ... on level 3 of the Dungeon.
             The game lasted 00:05:01 (1812 turns).

Zeor the Trooper (Formicid Monk)                    Turns: 1812, Time: 00:05:01

Health: -5/43      AC:  4    Str: 16    XL:     5   Next: 1%
Magic:  5/5        EV: 13    Int:  9    God:
Gold:   125        SH:  0    Dex: 18    Spells: 4/4 levels left

rFire   . . .        a - +0 falchion
rCold   . . .        d - orb {light}
rNeg    . . .        i - +0 leather armour
rPois   .            (helmet unavailable)
rElec   .            (no cloak)
rCorr   .            (no gloves)
SInv    +            e - +0 pair of boots
Will    +....        (no amulet)
Stlth   +            l - ring of willpower
HPRegen 0.27/turn    (no ring)
MPRegen 0.09/turn

%: no passive effects
@: glowing
A: permanent stasis, dig shafts and tunnels, antennae 3, four strong arms
a: Dig, Shaft Self


You were on level 3 of the Dungeon.
You visited 1 branch of the dungeon, and saw 3 of its levels.

You collected 125 gold pieces.

Inventory:

Hand Weapons
 a - a +0 falchion (weapon)
 k - a +0 orcbow
Armour
 d - an orb of light (worn)
 e - a +0 pair of boots (worn)
 i - a +0 leather armour (worn)
Jewellery
 l - a ring of willpower (left hand)
Scrolls
 j - a scroll of enchant weapon {unknown}
Potions
 b - a potion of curing {unknown}
 c - a potion of ambrosia
 f - a potion of lignification {unknown}
 g - a potion of berserk rage {unknown}
 h - a potion of degeneration {unknown}


   Skills:
 * Level 4.4 Fighting
 * Level 4.1 Long Blades
 + Level 3.0 Dodging
 + Level 0.9 Stealth


You had 4 spell levels left.
You didn't know any spells.
Your spell library contained the following spells:

 Spells                   Type           Power      Damage    Failure   Level
 Jinxbite                 Hex            0%         N/A       58%         2
 Yara's Violent Unravell  Hex/Alch       0%         3d3       100%        5
 Enfeeble                 Hex            0%         N/A       100%        7


Dungeon Overview and Level Annotations

Branches:
Dungeon (3/15)

Altars:


Innate Abilities, Weirdness & Mutations

You cannot be hasted, slowed, berserked, paralysed or teleported.
You can dig through walls and to a lower floor.
You have a pair of large antennae on your head. (SInv)
Your four strong arms can wield two-handed weapons with a shield.


Message History

You hit the orc but do no damage. The orc completely misses you.
You hit the orc.
The orc is heavily wounded.
The orc barely misses you.
You hit the orc.
The orc is heavily wounded.
The orc hits you with a +0 flail. The orc closely misses you.
You barely miss the orc.
The orc is heavily wounded.
The orc closely misses you.
You hit the orc.
The orc is almost dead.
The orc barely misses you.
You hit the orc.
You kill the orc!
You have reached level 5!
You hit the orc priest.
The orc priest is lightly wounded.
The orc priest barely misses you.
You hit the orc priest.
The orc priest is lightly wounded.
The orc priest barely misses you.
You hit the orc priest but do no damage.
The orc priest is lightly wounded.
The orc priest hits you with a +0 flail.
You hit the orc priest but do no damage.
The orc priest is lightly wounded.
The orc priest hits you with a +0 flail.
You hit the orc priest but do no damage.
The orc priest is lightly wounded.
The orc priest closely misses you.
You hit the orc priest but do no damage.
The orc priest is lightly wounded.
The orc priest hits you with a +0 flail!
* * * LOW HITPOINT WARNING * * *
You slash the orc priest!
The orc priest is severely wounded.
The orc priest calls down the wrath of Beogh upon you.
Beogh smites you!
You die...

▒)▒ ▒∙▒ ▒∙▒ ▒†▒ ▒∙▒
▒∙▒ ▒▒▒▒▒▒∙▒ ▒∙▒
▒▒▒∙∙∙∙∙∙▒ ▒∙▒▒▒▒▒▒
▒∙∙∙∙∙∙∙∙▒ ▒∙∙∙∙∙∙▒ {
▒∙∙∙▒▒▒▒∙▒ ▒∙▒▒▒▒∙▒
▒▒▒▒▒ ▒∙▒ ▒∙▒▒ ▒∙▒ ▒B▒
▒∙∙▒ ▒∙▒ ▒o▒ ▒▒∙▒ ▒∙▒
∙∙∙∙∙∙∙∙∙∙∙∙∙▒ ▒∙▒ ▒∙▒
∙▒∙▒▒▒▒∙▒▒▒▒∙▒▒▒∙▒▒▒∙▒
∙∙∙∙∙∙∙∙∙∙∙∙▒▒∙▒
·∙∙∙∙▒▒∙▒▒▒∙∙▒▒∙▒
·∙∙∙▒∙∙∙∙∙∙∙∙∙▒▒∙▒
{▒▒▒▒▒▒▒∙▒▒▒∙∙∙▒∙▒
▒▒▒∙∙∙▒∙▒


You could see an orc priest.

Vanquished Creatures
  3 adders (D:2)
  A ribbon worm (D:2)
  A dart slug (D:2)
  3 orcs (D:3)
  6 bats
  7 endoplasms
  6 giant cockroaches
  3 goblins
  5 hobgoblins
  6 jackals (D:1)
  5 kobolds
  A quokka (D:3)
  5 ball pythons
  4 frilled lizards
  3 rats
59 creatures vanquished.

Notes
Turn   | Place    | Note
-------+----------+-------------------------------------------
     0 | D:1      | Zeor the Formicid Monk began the quest for the Orb.
     0 | D:1      | Reached XP level 1. HP: 18/18 MP: 1/1
   144 | D:1      | Reached XP level 2. HP: 23/24 MP: 2/2
   385 | D:1      | Reached XP level 3. HP: 27/30 MP: 3/3
  1192 | D:2      | Reached XP level 4. HP: 37/37 MP: 4/4
  1788 | D:3      | Identified the +1 ring mail "Zagaong" {^Contam Str+7}
  1806 | D:3      | Reached XP level 5. HP: 16/43 MP: 5/5
  1812 | D:3      | Killed from afar by an orc priest

Illustrated notes

Levels and vault maps discovered:
D:1:      dpeg_arrival_another_circle, layout_basic, minmay_tetromino_i4
D:2:      layout_rooms
D:3:      layout_loops_ring, cheibriados_altar_1,
          nicolae_kikubaaqudgha_miasma_corner, elyvilon_altar_5, serial_shops,
          shop, grunt_decor_clamped

Skill      XL: |  1  2  3  4 |
---------------+-------------+-----
Fighting       | 4 |  4.4
Long Blades    | 4 |  4.1
Dodging        | 3 |  3.0
Stealth        | |  0.9

Action                     |  1- 3 |  4- 6 || total
---------------------------+-------+-------++-------
  Melee: Falchion          |    86 |    66 ||   152
    Use: Scroll            |     2 |       ||     2
 Armour: Robe              |    39 |       ||    39
         Leather armour    |     2 |    24 ||    26
  Dodge: Dodged            |    67 |    33 ||   100
